 Dungeon Crawl Stone Soup version 0.19.0 (webtiles) character file.

135 PhynixH2O the Cudgeler (level 4, -2/41 HPs)
             Began as a Minotaur Berserker on Nov 2, 2016.
             Was a Believer of Trog.
             Slain by an orc priest (6 damage)
             ... on level 3 of the Dungeon.
             The game lasted 00:05:38 (1702 turns).

PhynixH2O the Cudgeler (Minotaur Berserker)         Turns: 1702, Time: 00:05:39

Health: -2/41      AC:  2    Str: 23    XL:     4   Next: 97%
Magic:  3/3        EV: 12    Int:  4    God:    Trog [**....]
Gold:   113        SH:  0    Dex:  9    Spells: 0 memorised, 3 levels left

rFire  . . .     SeeInvis .     a - +0 mace
rCold  . . .     Gourm    .     b - +0 animal skin
rNeg   . . .     Faith    .     (no shield)
rPois  +         Spirit   .     (helmet restricted)
rElec  .         Reflect  .     (no cloak)
rCorr  .         Harm     .     (no gloves)
MR     .....                    (no boots)
Stlth  +.........               (no amulet)
                                (no ring)
                                e - ring of poison resistance

@: no status effects
A: retaliatory headbutt, horns 2
a: Berserk, Trog's Hand, Burn Spellbooks, Renounce Religion


You were on level 3 of the Dungeon.
You worshipped Trog.
Trog was pleased with you.
You were not hungry.

You visited 1 branch of the dungeon, and saw 3 of its levels.

You collected 113 gold pieces.

Inventory:

Hand Weapons
 a - a +0 mace (weapon)
Armour
 b - a +0 animal skin (worn)
Jewellery
 e - a ring of poison resistance (left hand)
Wands
 j - a wand of lightning (3/15)
Scrolls
 d - 4 scrolls of identify {unknown}
 k - a scroll of random uselessness {unknown}
Potions
 f - a potion of brilliance {unknown}
 g - 2 potions of heal wounds {unknown}
 l - a potion of lignification {unknown}
Comestibles
 c - 5 bread rations
 h - 4 chunks of flesh
 i - a beef jerky


   Skills:
 + Level 4.8 Fighting
 - Level 6.0 Maces & Flails
 - Level 2.4 Armour
 - Level 2.1 Dodging


You had 3 spell levels left.
You didn't know any spells.

Dungeon Overview and Level Annotations

Branches:
Dungeon (3/15)

Altars:
Dithmenos
Fedhas
Ru
Uskayaw
Vehumet


Innate Abilities, Weirdness & Mutations

You reflexively headbutt those who attack you in melee.
You have a pair of horns on your head.


Message History

The orc priest looks satisfied for a moment.
You hit the orc priest.
You kill the orc priest!
Trog accepts your kill. The orc closely misses you. You furiously retaliate!
You headbutt the orc, but do no damage. You hit the orc but do no damage.
You headbutt the orc, but do no damage. The orc hits you but does no damage.
The orc closely misses you.
You closely miss the orc. You headbutt the orc!
You kill the orc!
Trog accepts your kill. The orc closely misses you. You furiously retaliate!
You headbutt the orc!
You kill the orc!
Trog accepts your kill.
You are too injured to fight recklessly!
You closely miss the orc priest. Your headbutt misses the orc priest.
The orc priest hits you.
* * * LOW HITPOINT WARNING * * *
Something hits you but does no damage. The orc priest hits you.
You die...

.. .. .# . ..
#.# #.#. #.#
#.#.##.#
#......#
......#####..
##.##l#o.......
#....)@....#
#..####...##
#........#+
#.###...## .#
#..## #.#
#...## #..#
###..## #...#
##..###....#
##..#.....#


You could see an orc priest and a frilled lizard.

Vanquished Creatures
  An orc priest (D:3)
  4 adders
  2 worms
  A dart slug (D:3)
  2 orcs (D:3)
  5 bats
  2 giant cockroaches
  7 goblins
  11 hobgoblins
  5 jackals
  2 frilled lizards (D:2)
  9 kobolds
  6 rats
57 creatures vanquished.

Notes
Turn   | Place    | Note
-------+----------+-------------------------------------------
     0 | D:1      | PhynixH2O the Minotaur Berserker began the quest for the Orb.
     0 | D:1      | Reached XP level 1. HP: 19/19 MP: 0/0
   271 | D:1      | Reached skill level 4 in Maces & Flails
   347 | D:1      | Reached XP level 2. HP: 26/26 MP: 1/1
   699 | D:1      | Reached skill level 5 in Maces & Flails
   775 | D:1      | Reached XP level 3. HP: 26/31 MP: 2/2
  1013 | D:2      | Found a blossoming altar of Fedhas.
  1014 | D:2      | Found a hide-covered altar of Uskayaw.
  1016 | D:2      | Found a shadowy altar of Dithmenos.
  1017 | D:2      | Found a sacrificial altar of Ru.
  1017 | D:2      | Found a radiant altar of Vehumet.
  1070 | D:2      | Reached ** piety under Trog
  1394 | D:2      | Reached skill level 6 in Maces & Flails
  1394 | D:2      | Reached XP level 4. HP: 24/39 MP: 3/3
  1702 | D:3      | Slain by an orc priest

Skill      XL: |  1  2  3  4 |
---------------+-------------+-----
Maces & Flails | 4 5 6 |  6.0
Fighting       | 4 |  4.8
Armour         | |  2.4
Dodging        | |  2.1

Action                   |  1- 3 |  4- 6 || total
-------------------------+-------+-------++-------
Melee: Mace              |    85 |    28 ||   113
       Headbutt          |     8 |     6 ||    14
  Eat: Chunk             |     2 |     1 ||     3
Armor: Animal skin       |     9 |       ||     9
Dodge: Dodged            |    56 |    17 ||    73
